 Dungeon Crawl Stone Soup version 0.18.1-8-gdd0e5ea (webtiles) character file.

1462 M4edhros the Covert (level 8, -2/51 HPs)
             Began as an Octopode Artificer on June 8, 2016.
             Was a Priest of Fedhas.
             Slain by Grinder (5 damage)
             ... while paralysed by Grinder
             ... on level 6 of the Dungeon.
             The game lasted 00:08:05 (5534 turns).

M4edhros the Covert (Octopode Artificer)            Turns: 5534, Time: 00:08:05

Health: -2/51      AC:  6    Str: 10    XL:     8   Next: 77%
Magic:  11/11      EV:  2    Int: 15    God:    Fedhas [***...]
Gold:   263        SH:  0    Dex: 14    Spells: 0 memorised, 7 levels left

rFire  + + .     SeeInvis .     E - +1 trident (protect)
rCold  x . .     Gourm    .     u - +0 shield
rNeg   . . .     Faith    .     (helmet restricted)
rPois  .         Spirit   .     (no amulet)
rElec  .         Dismiss  .     k - ring of protection from fire
rCorr  .         Reflect  .     q - ring of fire
SustAt .         Harm     .     (no ring)
MR     .....                    (no ring)
Stlth  ++++++....               (no ring)
                                (no ring)
                                (no ring)
                                (no ring)

@: paralysed, not resistant to hostile enchantments, very stealthy
A: almost no armour, amphibious, 8 rings, constrict 8, camouflage 1, gelatinous
body 1
a: Evolution, Sunlight, Growth, Renounce Religion


You were on level 6 of the Dungeon.
You worshipped Fedhas.
Fedhas was most pleased with you.
You were not hungry.

You visited 2 branches of the dungeon, and saw 7 of its levels.

You collected 263 gold pieces.

Inventory:

Hand Weapons
 a - a +0 short sword
 e - a +4 short sword
 w - a +0 dagger of venom
 E - a +1 trident of protection (weapon)
Armour
 u - a +0 shield (worn)
Jewellery
 k - a ring of protection from fire (left tentacle)
 q - a ring of fire (right tentacle)
Wands
 b - a wand of flame (6/48)
 c - a wand of enslavement (12/24)
 d - a wand of random effects (10/48)
 z - a wand of polymorph (2/24)
Scrolls
 g - 5 scrolls of identify {unknown}
 m - a scroll of fog
 n - 2 scrolls of enchant weapon {unknown}
 v - 2 scrolls of remove curse
 y - 3 scrolls of teleportation {unknown}
 C - a scroll of enchant armour {unknown}
Potions
 i - 2 potions of flight {unknown}
 l - 3 potions of heal wounds {unknown}
 o - 2 potions of brilliance {unknown}
 p - a potion of might
 r - a potion of agility {unknown}
 s - a potion of invisibility
 t - 2 potions of degeneration {unknown}
 x - 2 potions of cure mutation {unknown}
 A - a potion of haste {unknown}
 B - a potion of berserk rage {unknown}
Books
 D - a book of Alchemy

   Spells                             Type                      Level
   a - Sublimation of Blood           Necromancy                   2
   b - Ignite Poison                  Fire/Transmutation/Poison    3
   c - Petrify                        Transmutation/Earth          4
   d - Alistair's Intoxication        Transmutation/Poison         5
   e - Irradiate                      Conjuration/Transmutation    5
Comestibles
 f - 3 bread rations
 h - 4 meat rations
 j - a slice of pizza


   Skills:
 + Level 2.7 Fighting
 - Level 1.0 Short Blades
 + Level 3.3 Dodging
 + Level 11.3 Stealth
 + Level 2.0 Shields
 * Level 5.2 Invocations
 - Level 3.2 Evocations


You had 7 spell levels left.
You didn't know any spells.

Dungeon Overview and Level Annotations

Branches:
Dungeon (6/15)             Temple (1/1) D:4

Altars:
Ashenzari
Cheibriados
Dithmenos
Elyvilon
Fedhas
Gozag
Makhleb
Nemelex Xobeh
Okawaru
Qazlal
Ru
Sif Muna
Trog
Vehumet
Xom
Yredelemnul
Zin
The Shining One

Annotations:
D:6 Grinder


Innate Abilities, Weirdness & Mutations

You cannot wear most types of armour.
You are amphibious.
You can wear up to eight rings at the same time.
You can use your tentacles to constrict eight enemies at once.
Your skin changes colour to match your surroundings (Stealth).
Your rubbery body absorbs attacks (AC +1).


Message History

Grinder comes into view.
Things that are here:
a trident of protection; a hand axe; an orc skeleton
E - a trident of protection Wield which item (- for none, * to show all)? (? for menu, Esc to quit)
You feel protected!
E - a +1 trident of protection (weapon)
Grinder gestures at you.
You suddenly lose the ability to move!
A nearby toadstool withers and dies.
Grinder says, "FISH!"
Grinder hits you.
* * * LOW HITPOINT WARNING * * *
You writhe in agony.
* * * LOW HITPOINT WARNING * * *
Grinder hits you.
* * * LOW HITPOINT WARNING * * *
You writhe in agony.
You die...
Fedhas appreciates your contribution to the ecosystem.

#####..P..(.####
.......P........ .
#####.รท.P...### .####
#.......# # # ...#
##.###.## ..
#.###.#####.# #.#
..#.#.#..PP.....# #.#
........PPP.....# #f#
#...).5@Pf...[# #.#
#...#.PP)f...####.#####
#.. ########## #......#
#. #......# # #......#
#......#
#########......#
#..............#
#..............#


You could see Grinder and 2 friendly wandering mushrooms.

Vanquished Creatures
  An orc warrior (D:6)
  3 ogres
  2 centaurs
  A scorpion (D:5)
  A howler monkey (D:4)
  A crimson imp (D:5)
  2 hounds
  4 orc priests
  4 orc wizards
  An iguana (D:6)
  3 worker ants
  2 hound skeletons
  7 gnolls
  4 adders
  An ooze (D:5)
  An adder skeleton (D:4)
  2 dart slugs (D:2)
  4 giant geckos
  10 orcs
  4 giant cockroaches
  6 goblins
  8 hobgoblins
  10 jackals
  5 quokkas
  8 bats
  A giant newt (D:1)
  9 kobolds
  5 rats
110 creatures vanquished.

Vanquished Creatures (collateral kills)
  An oklob plant (D:5)
  Duvessa (D:5)
  A sky beast (D:6)
  An ogre (D:5)
  A centaur (D:5)
  Dowan (D:5)
  A crimson imp (D:6)
  A jelly (D:6)
  3 gnolls (D:2)
  A howler monkey skeleton (D:6)
  8 orcs
  A giant cockroach (D:6)
  2 jackals
  2 bats (D:1)
25 creatures vanquished.

Vanquished Creatures (others)
  A necrophage (D:5)
  A killer bee zombie (D:6)
  2 giant cockroach zombies (D:5)
  97 toadstools
101 creatures vanquished.

Grand Total: 236 creatures vanquished

Notes
Turn   | Place    | Note
--------------------------------------------------------------
     0 | D:1      | M4edhros the Octopode Artificer began the quest for the Orb.
     0 | D:1      | Reached XP level 1. HP: 13/13 MP: 3/3
    41 | D:1      | Reached skill level 2 in Stealth
   429 | D:1      | Reached skill level 3 in Stealth
   429 | D:1      | Reached XP level 2. HP: 18/18 MP: 4/4
   659 | D:2      | Reached skill level 4 in Stealth
   677 | D:2      | Reached XP level 3. HP: 11/23 MP: 5/5
   841 | D:2      | Found a stormy altar of Qazlal.
   910 | D:3      | Reached skill level 5 in Stealth
   913 | D:3      | Reached XP level 4. HP: 16/28 MP: 6/6
  1094 | D:4      | Found a staircase to the Ecumenical Temple.
  1094 | D:4      | Noticed an ogre
  1105 | Temple   | Entered the Ecumenical Temple
  1172 | Temple   | Became a worshipper of Fedhas Madash
  1200 | D:5      | Entered Level 5 of the Dungeon
  1367 | D:5      | Reached skill level 6 in Stealth
  1478 | D:5      | Noticed a necrophage
  1479 | D:5      | Killed a necrophage
  1791 | D:5      | Noticed an ogre
  1848 | D:4      | Reached skill level 7 in Stealth
  1848 | D:4      | Reached XP level 5. HP: 33/33 MP: 7/7
  1859 | D:4      | Killed an ogre
  1859 | D:4      | Reached skill level 8 in Stealth
  1859 | D:4      | Reached XP level 6. HP: 38/38 MP: 8/8
  1864 | D:4      | Found a bloodstained altar of Trog.
  1876 | D:4      | Reached skill level 9 in Stealth
  1878 | D:4      | Reached * piety under Fedhas
  1884 | D:4      | Found a shimmering altar of Xom.
  1887 | D:4      | Found a sacrificial altar of Ru.
  2442 | D:2      | Reached XP level 7. HP: 43/43 MP: 9/9
  2708 | D:1      | Reached ** piety under Fedhas
  2912 | D:3      | Reached skill level 10 in Stealth
  2912 | D:3      | Reached skill level 1 in Invocations
  3127 | D:3      | Found a faded altar to an unknown god.
  3572 | D:3      | Found a sparkling altar of Nemelex Xobeh.
  3833 | D:4      | Found a sparkling altar of Nemelex Xobeh.
  4240 | D:5      | Found a basalt altar of Yredelemnul.
  4261 | D:5      | Noticed Dowan
  4262 | D:5      | Noticed Duvessa
  4290 | D:5      | Killed Duvessa
  4296 | D:5      | Killed Dowan
  4296 | D:5      | Reached XP level 8. HP: 48/48 MP: 10/10
  4314 | D:5      | Reached skill level 1 in Shields
  4356 | D:5      | Reached skill level 11 in Stealth
  5345 | D:6      | Reached skill level 5 in Invocations
  5518 | D:6      | Reached *** piety under Fedhas
  5527 | D:6      | Noticed Grinder
  5529 | D:6      | Paralysed by Grinder for 6 turns
  5534 | D:6      | Slain by Grinder

Skill      XL: |  1  2  3  4  5  6  7  8 |
---------------+-------------------------+-----
Stealth        | 3 4 5 7 8 9 10 11 | 11.3
Invocations    | 3 5 |  5.2
Shields        | 2 |  2.0
Fighting       | 2 |  2.7
Dodging        | 3 |  3.3
Short Blades   | |  1.0
Evocations     | |  3.2

Action                   |  1- 3 |  4- 6 |  7- 9 || total
-------------------------+-------+-------+-------++-------
Melee: Short sword       |    52 |    58 |   134 ||   244
       Constrict         |    12 |    11 |    23 ||    46
       Tentacles         |     6 |    11 |    18 ||    35
Invok: Evolution         |       |     1 |     2 ||     3
       Sunlight          |       |       |     1 ||     1
Evoke: Wand              |     3 |    12 |     2 ||    17
  Use: Scroll            |       |       |     4 ||     4
 Stab: Sleeping          |     5 |     9 |    22 ||    36
       Distracted        |       |     1 |     1 ||     2
  Eat: Chunk             |       |     2 |     5 ||     7
       Royal jelly       |       |     1 |     1 ||     2
       Bread ration      |       |       |     1 ||     1
Armor: Skin              |    11 |       |    11 ||    22
Dodge: Dodged            |    41 |    25 |    48 ||   114
Block: Shield            |       |    15 |    28 ||    43
